 Dungeon Crawl Stone Soup version 0.16-a0-3029-g57b17b4 (webtiles) character file.

233 Kemay the Insei (level 5, 0/41 HPs)
             Began as a Draconian Transmuter on Dec 8, 2014.
             Succumbed to a worker ant's poison
             ... on level 4 of the Dungeon.
             The game lasted 00:13:30 (3318 turns).

Kemay the Insei (Draconian Transmuter)              Turns: 3318, Time: 00:13:30

Health: 0/41       AC:  5    Str: 12    XL:     5   Next: 75%
Magic:  9/9        EV: 13    Int: 14    God:
Gold:   184        SH:  0    Dex: 12    Spells: 1 memorised, 7 levels left

rFire  . . .     SeeInvis .     r - -2 dagger (curse)
rCold  . . .     Clarity  .     (armour unavailable)
rNeg   . . .     SustAb   .     (no shield)
rPois  .         Gourm    .     (helmet restricted)
rElec  .         Spirit   .     (no cloak)
rCorr  .         Warding  .     (no gloves)
rMut   .         Stasis   .     (no boots)
MR     .....                    (no amulet)
Stlth  +.........               (no ring)
                                (no ring)

@: lethally poisoned, not resistant to hostile enchantments, very unstealthy
A: unfitting armour, cold-blooded, AC +5
a: no special abilities


You were on level 4 of the Dungeon.
You were not hungry.

You visited 1 branch of the dungeon, and saw 4 of its levels.

You collected 184 gold pieces.

Inventory:

Hand weapons
 h - a +1 mace of venom
 j - a +3 short sword
 n - a +0 dagger of protection
 r - a cursed -2 dagger (weapon)
Scrolls
 i - 2 scrolls of recharging
Potions
 c - a potion of ambrosia {unknown}
 e - 2 potions of curing
 f - a potion of haste {unknown}
 g - a potion of beneficial mutation {unknown}
 l - a potion of cancellation {unknown}
 m - a potion of heal wounds {unknown}
 p - a potion of restore abilities {unknown}
Books
 d - a book of Changes

   Spells                             Type                      Level
   a - Beastly Appendage              Transmutation                1
   b - Sticks to Snakes               Transmutation                2
   c - Spider Form                    Transmutation/Poison         3
   d - Ice Form                       Ice/Transmutation            4
   e - Blade Hands                    Transmutation                5
Comestibles
 a - 2 bread rations
 b - a royal jelly
 k - a chunk of flesh
 o - 2 beef jerkies
 q - a meat ration


   Skills:
 + Level 2.1 Fighting
 - Level 4.2 Dodging
 + Level 4.5 Unarmed Combat
 - Level 2.0 Spellcasting
 - Level 2.0 Transmutations


You had 7 spell levels left.
You knew the following spells:

 Your Spells              Type           Power        Failure   Level  Hunger
a - Beastly Appendage     Trmt           #.....       12%         1    ##.....


Dungeon Overview and Level Annotations

Branches:
Dungeon (4/15)
 Temple: D:4-7

Altars:
Cheibriados
Zin

Shops:
D:4 *

Annotations:
D:2 Sigmund


Innate Abilities, Weirdness & Mutations

Your plain brown scales are hard (AC +5).
Your body does not fit into most forms of armour.
Your cold-blooded metabolism reacts poorly to cold.


Message History

* * * LOW HITPOINT WARNING * * *
You feel sick. The worker ant barely misses you.
The worker ant bites you but does no damage.
You hit the worker ant but do no damage.
The worker ant is heavily wounded.
* * * LOW HITPOINT WARNING * * *
You feel sick. The worker ant closely misses you.
You closely miss the worker ant.
The worker ant is heavily wounded.
* * * LOW HITPOINT WARNING * * *
You feel sick. The worker ant barely misses you.
You hit the worker ant but do no damage.
You tail-slap the worker ant.
The worker ant is severely wounded.
* * * LOW HITPOINT WARNING * * *
You feel sick. The worker ant misses you.
You closely miss the worker ant.
You tail-slap the worker ant, but do no damage.
The worker ant is severely wounded.
You die...

#......# .......#.#######
########........ .#####
#...########
.......######.#.###....#
........#.....#..)..##.#
..[.....##.#######..##..
.........##....#.....####
........@...##.#.##.##
.......a##.###.#<...#
....... #.# #.######
....... #.###.# .......
#.....# ...... #######
..### .


You could see a worker ant.

Vanquished Creatures
  An orc wizard (D:3)
  A hound (D:3)
  5 adders
  A giant mite (D:2)
  2 worms (D:3)
  5 giant geckos
  An ooze (D:3)
  3 orcs (D:3)
  13 bats
  9 giant cockroaches
  11 goblins
  11 hobgoblins
  11 jackals
  4 ball pythons
  4 giant newts
  8 kobolds
  A quokka (D:2)
  8 rats
99 creatures vanquished.

Notes
Turn   | Place    | Note
--------------------------------------------------------------
     0 | D:1      | Kemay, the Draconian Transmuter, began the quest for the Orb.
     0 | D:1      | Reached XP level 1. HP: 16/16 MP: 3/3
   393 | D:1      | Reached XP level 2. HP: 20/23 MP: 2/4
  1042 | D:1      | Reached XP level 3. HP: 28/28 MP: 4/6
  1285 | D:2      | Noticed Sigmund
  1369 | D:2      | Found a snail-covered altar of Cheibriados.
  1378 | D:2      | Reached skill level 4 in Unarmed Combat
  1662 | D:2      | HP: 1/28 [hobgoblin/club (4)]
  1666 | D:2      | Reached XP level 4. HP: 7/35 MP: 7/7
  2308 | D:3      | Reached XP level 5. HP: 24/40 MP: 7/9
  3193 | D:4      | Found Zin's Purification Station.
  3206 | D:4      | Found a glowing silver altar of Zin.
  3316 | D:4      | HP: 2/41 [poisoned by a worker ant]
  3318 | D:4      | Succumbed to a worker ant's poison

Action                   |  1- 3 |  4- 6 || total
-------------------------+-------+-------++-------
Melee: Unarmed           |    28 |       ||    28
       Mace              |    61 |     2 ||    63
       Dagger            |    38 |    55 ||    93
       Short sword       |    37 |   151 ||   188
 Cast: Beastly Appendage |    30 |    24 ||    54
 Abil: End Transformatio |     1 |       ||     1
  Use: Scroll            |     7 |     3 ||    10
       Potion            |     1 |       ||     1
 Stab: Sleeping          |     2 |       ||     2
  Eat: Chunk             |     3 |     7 ||    10
